 Dungeon Crawl Stone Soup version 0.31-a0-632-g766dd24fdf (webtiles) character file.

Game seed: 7013927494004733366

518 Jackthecabe the Firebug (level 7, -2/46 HPs)
             Began as a Mummy Fire Elementalist on Aug 26, 2023.
             Was an Initiate of Ashenzari.
             Slain by an ufetubus (4 damage)
             ... on level 5 of the Dungeon.
             The game lasted 00:08:05 (4395 turns).

Jackthecabe the Firebug (Mummy Fire Elementalist)   Turns: 4395, Time: 00:08:07

Health: -2/46      AC:  4    Str: 11    XL:     7   Next: 1%
Magic:  4/11       EV: 12    Int: 17    God:    Ashenzari [......]
Gold:   211        SH:  0    Dex: 18    Spells: 9/12 levels left

rFire   x . .        h - +2 dagger (flame)
rCold   + . .        (no shield)
rNeg    + + +        a - +0 robe
rPois   ∞            (no helmet)
rElec   .            n - +0 cloak
rCorr   .            (no gloves)
SInv    .            m - +0 pair of boots
Will    .....        (no amulet)
Stlth   ++           D - +6 ring of dexterity
HPRegen 0.27/turn    (no ring)
MPRegen 0.12/turn

%: faith
@: no status effects
A: cold resistance 1, negative energy resistance 3, torment resistance 2, heat
vulnerability 1, in touch with death 1, no potions, faith
a: Renounce Religion


You were on level 5 of the Dungeon.
You worshipped Ashenzari.
Ashenzari was noncommittal.
You visited 2 branches of the dungeon, and saw 6 of its levels.

You collected 211 gold pieces.


Innate Abilities, Weirdness & Mutations

You are immune to poison.
Your flesh is cold resistant. (rC+)
You are immune to negative energy. (rN+++)
You are immune to unholy pain and torment.
You are vulnerable to heat. (rF-)
You are in touch with the powers of death.
You do not drink.
You have a special connection with the divine. (Faith)


   Skills:
 - Level 1.5 Dodging
 - Level 1.5 Stealth
 - Level 3.0 Spellcasting
 - Level 3.0 Conjurations
 + Level 5.8 Fire Magic


You had 9 spell levels left.
You knew the following spells:

 Your Spells              Type           Power      Damage    Failure   Level
f - Foxfire               Conj/Fire      68%        2x1d7     2%          1
X - Scorch                Fire           44%        2d6       2%          2

Your spell library contained the following spells:

 Spells                   Type           Power      Damage    Failure   Level
 Inner Flame              Hex/Fire       12%        N/A       16%         3
 Volatile Blastmotes      Fire/Tloc      24%        2d12      16%         3
 Flame Wave               Conj/Fire      17%        2d7       28%         4

Inventory:

Hand Weapons
 b - a +0 dagger
 h - a +2 dagger of flaming (weapon)
 j - a +2 dagger of venom
Missiles
 i - 6 poisoned darts
Armour
 a - a +0 robe (worn)
 m - a +0 pair of boots (worn)
 n - a +0 cloak (worn)
Jewellery
 D - a +6 ring of dexterity (left hand)
Scrolls
 d - 2 scrolls of amnesia
 e - 2 scrolls of poison
 f - a scroll of revelation {unknown}
 g - a scroll of vulnerability {unknown}
 k - a scroll of enchant weapon
 l - a scroll of noise {unknown}
 o - a scroll of silence {!r}
 p - a scroll of teleportation {unknown}
 q - a scroll of fog

Dungeon Overview and Level Annotations

Branches:
Dungeon (5/15)             Temple (1/1) D:5

Altars:
Ashenzari
Cheibriados
Dithmenos
Fedhas
Gozag
Makhleb
Nemelex Xobeh
Okawaru
Qazlal
Ru
Trog
Uskayaw
Vehumet
Wu Jian

Shops:
D:4 *

Annotations:
D:3 3 runed translucent doors, exclusion: 3 doors, Palms's ghost, amateur DEFE

.# ######### ###### .# #.......#
#....# .# #.#####'###.##.# .#
########.#.......#.##.#### .
.###........#.......+..#.)..###..
......##..###.......#..###.......
###.#.##..# ####.......##<...)...
.....)....######§##..............
.#>..........O.5@.....###........
†#.##.#..(#####..#........#######
...##...#.#####..##.#...####.....
######...........................
##.##########..###.####..... #.#
#.....# #.########. ..# #....##
#......#... . ...# ######
######.#.▒. .. #.#...


You could see an ogre and an ufetubus.


Message History

An ufetubus comes into view.
You have reached level 7!
Casting: Scorch (safe; 2% risk of failure)
Confirm with . or Enter, or press ? or * to list all spells.
Okay, then.
You aren't carrying any items that you can evoke.
Unknown command.
Okay, then.
The ogre attacks as it pursues you! The ogre closely misses you.
You see here a +0 dagger.
Okay, then.
Casting: Scorch (safe; 2% risk of failure)
Confirm with . or Enter, or press ? or * to list all spells.
Okay, then.
The ufetubus barely misses you. The ufetubus closely misses you.
Casting: Scorch (safe; 2% risk of failure)
Confirm with . or Enter, or press ? or * to list all spells.
You conjure some foxfire!
The ufetubus hits you.
* * * LOW HITPOINT WARNING * * *
The ufetubus hits you.
* * * LOW HITPOINT WARNING * * *
Unknown command.
The foxfire hits the ufetubus.
The ufetubus is burned terribly!
The ufetubus is almost dead.
The foxfire hits the ufetubus but does no damage.
The ufetubus is almost dead.
The ufetubus attacks as it pursues you!
The ufetubus hits you but does no damage.
The ufetubus hits you.
You die...

Skill      XL: |  1  2  3  4  5  6 |
---------------+-------------------+-----
Conjurations   | 1 2 3 |  3.0
Fire Magic     | 3 4 5 |  5.8
Spellcasting   | 3 |  3.0
Dodging        | |  1.5
Stealth        | |  1.5

Action                     |  1- 3 |  4- 6 |  7- 9 || total
---------------------------+-------+-------+-------++-------
  Melee: Dagger            |     6 |     9 |       ||    15
   Cast: Foxfire           |    69 |    30 |     1 ||   100
         Scorch            |    11 |    28 |       ||    39
    Use: Scroll            |       |     5 |       ||     5
 Armour: Robe              |     2 |     1 |     1 ||     4
  Dodge: Dodged            |     5 |     7 |     3 ||    15

Levels and vault maps discovered:
D:1:      co_arrival_square_in_a_square_in_a_square, layout_rooms,
          shapermc_ecumenical_altar_venn
D:2:      layout_loops_ring
D:3:      layout_loops_corners, biasface_ghost_orc_armoury,
          chequers_serial_rivers_room_a
D:4:      layout_rooms, serial_shops, shop
D:5:      layout_basic, nicolae_overflow_hidden_temple,
          minmay_temple_entry_sparse_star
Temple:   minmay_temple_bridge_d

Notes
Turn   | Place    | Note
-------+----------+-------------------------------------------
     0 | D:1      | Jackthecabe the Mummy Fire Elementalist began the quest for
                  | the Orb.
     0 | D:1      | Reached XP level 1. HP: 13/13 MP: 4/4
    26 | D:1      | Reached skill level 1 in Conjurations
   123 | D:1      | Reached XP level 2. HP: 19/19 MP: 1/5
   170 | D:1      | Learned a level 2 spell: Scorch
   683 | D:1      | Found a faded altar of an unknown god.
   818 | D:1      | Reached skill level 3 in Fire Magic
   969 | D:2      | Gained mutation: You are in touch with the powers of death.
                  | [Mummy growth]
   969 | D:2      | Reached XP level 3. HP: 24/24 MP: 4/7
  1310 | D:2      | Reached skill level 2 in Conjurations
  2272 | D:3      | Reached XP level 4. HP: 30/30 MP: 2/8
  2501 | D:3      | You fall into a shaft and drop 2 floors!
  2501 | D:5      | Entered Level 5 of the Dungeon
  2761 | D:3      | Reached XP level 5. HP: 35/35 MP: 5/9
  3026 | D:3      | Found a runed translucent gate.
  3026 | D:3      | Found a runed translucent gate.
  3027 | D:3      | Found a runed translucent gate.
  3028 | D:3      | Identified the +1 dagger "Xopp" {vamp, rN+ Int+2}
  3028 | D:3      | Identified the +2 ring mail "Vetameac" {rF+ Int+5}
  3028 | D:3      | Noticed Palms's ghost (amateur DEFE)
  3336 | D:4      | Noticed a phantom
  3342 | D:4      | Killed a phantom
  3343 | D:4      | Reached skill level 3 in Conjurations
  3343 | D:4      | Reached skill level 4 in Fire Magic
  3343 | D:4      | Reached skill level 3 in Spellcasting
  3581 | D:4      | Reached XP level 6. HP: 41/41 MP: 3/10
  3702 | D:4      | Found Fepon's Assorted Antiques.
  3902 | D:4      | Reached skill level 5 in Fire Magic
  4082 | D:5      | Found a staircase to the Ecumenical Temple.
  4090 | Temple   | Entered the Ecumenical Temple
  4164 | Temple   | Became a worshipper of Ashenzari the Shackled
  4372 | D:5      | HP: 2/41 [ogre/+0 giant club (35)]
  4373 | D:5      | Reached XP level 7. HP: 2/46 MP: 2/11
  4394 | D:5      | HP: 2/46 [ufetubus (3)]
  4395 | D:5      | Slain by an ufetubus

Vanquished Creatures
  An ogre (D:4)
  A phantom (D:4)
  2 scorpions
  2 hounds
  A jelly (D:5)
  An orc wizard (D:3)
  4 adders
  A white imp (D:3)
  An ufetubus (D:4)
  3 dart slugs
  3 orcs (D:3)
  5 ball pythons
  4 endoplasms (D:1)
  7 giant cockroaches
  7 goblins
  7 hobgoblins
  2 jackals (D:3)
  10 kobolds
  2 quokkas
  3 bats (D:1)
  A frilled lizard (D:1)
  5 rats
73 creatures vanquished.

Vanquished Creatures (others)
  164 foxfires
164 creatures vanquished.

Grand Total: 237 creatures vanquished

Table legend: (Time is in decaauts)
 A = Elapsed time spent in this place.
 B = Non-inter-level travel time spent in this place.
 C = Inter-level travel time spent in this place.
 D = Time resting spent in this place.
 E = Time spent auto-exploring this place.
 F = Levels seen in this place.
 G = Mean time per level.
                   A        B        C        D        E       F      G
               +--------+--------+--------+--------+--------+-----+--------+
         Total |   4393 |   4128 |    265 |    203 |   3411 |   6 |  732.2 |
       Dungeon |   4245 |   4121 |    124 |    203 |   3411 |   5 |  849.0 |
        Temple |    147 |      7 |    140 |      0 |      0 |   1 |  147.0 |
               +--------+--------+--------+--------+--------+-----+--------+

Top non-repeatable levels by time:
     D:3: 1414 daAuts
     D:1: 965 daAuts
     D:2: 837 daAuts
     D:4: 766 daAuts
     D:5: 262 daAuts
  Temple: 147 daAuts

Table legend:
 A = Non-vault XP
 B = Vault XP
 C = Vault XP percentage of total XP
 D = Non-vault monster count
 E = Vault monster count
 F = Vault count percentage of total count
                 A         B        C        D         E       F
            +---------+---------+-------+---------+---------+-------
      Total |     741 |       0 |   0.0 |      73 |       0 |   0.0
            +---------+---------+-------+---------+---------+-------
        D:1 |      40 |       0 |   0.0 |      23 |       0 |   0.0
        D:2 |      30 |       0 |   0.0 |      16 |       0 |   0.0
        D:3 |      85 |       0 |   0.0 |      13 |       0 |   0.0
        D:4 |     414 |       0 |   0.0 |      17 |       0 |   0.0
        D:5 |     172 |       0 |   0.0 |       4 |       0 |   0.0
            +---------+---------+-------+---------+---------+-------
